 Dungeon Crawl Stone Soup version 0.31-a0-202-g547052bce9 (webtiles) character file.

Game seed: 5942976910072469923

865 qw the Skirmisher (level 7, -14/40 HPs)
             Began as a Deep Elf Hunter on June 26, 2023.
             Demolished by an ogre
             ... wielding a +0 giant spiked club
              (31 damage)
             ... on level 5 of the Dungeon.
             The game lasted 00:01:26 (4153 turns).

qw the Skirmisher (Deep Elf Hunter)                 Turns: 4153, Time: 00:01:27

Health: -14/40     AC:  9    Str: 10    XL:     7   Next: 72%
Magic:  9/9        EV: 13    Int: 12    God:
Gold:   72         SH:  0    Dex: 21    Spells: 6/6 levels left

rFire   . . .        Y - +0 shortbow
rCold   . . .        (shield currently unavailable)
rNeg    + . .        c - +0 ring mail "Fuipid" {Int-2 Dex+3 Stlth+}
rPois   .            j - +2 helmet
rElec   .            (no cloak)
rCorr   .            d - +0 pair of gloves
SInv    .            (no boots)
Will    .....        b - amulet of the acrobat
Stlth   ++           l - ring of positive energy
HPRegen 0.26/turn    (no ring)
MPRegen 0.11/turn

%: acrobat
@: no status effects
A: no striking features
a: no special abilities


You were on level 5 of the Dungeon.
You visited 2 branches of the dungeon, and saw 7 of its levels.

You collected 312 gold pieces.
You spent 240 gold pieces at shops.


   Skills:
 - Level 2.0 Fighting
 + Level 11.0 Ranged Weapons
 - Level 1.5 Armour
 - Level 5.2 Dodging
 - Level 1.2 Stealth


You had 6 spell levels left.
You didn't know any spells.
Your spell library was empty.

Inventory:

Hand Weapons
 Y - a +0 shortbow (weapon)
Armour
 c - the +0 ring mail "Fuipid" (worn) {Int-2 Dex+3 Stlth+}
   (You found it on level 3 of the Dungeon)

   Int:       It affects your intelligence (-2).
   Dex:       It affects your dexterity (+3).
   Stlth:     It makes you more stealthy.
 d - a +0 pair of gloves (worn)
 j - a +2 helmet (worn)
Jewellery
 b - an amulet of the acrobat (around neck)
 l - a ring of positive energy (left hand)
Scrolls
 e - a scroll of identify
Potions
 a - 3 potions of curing
 f - a potion of resistance {unknown}
 h - a potion of invisibility {unknown}

Dungeon Overview and Level Annotations

Branches:
Dungeon (6/15)             Temple (1/1) D:4

Altars:
Cheibriados
Dithmenos
Fedhas
Gozag
Hepliaklqana
Qazlal
Sif Muna
Trog
Uskayaw
Vehumet
Wu Jian
Zin
The Shining One

Shops:
D:4 =


Message History

You climb downwards.
Found a stone staircase leading up.
There is a stone staircase leading up here.
There are monsters nearby!
Waypoint 6 assigned to D:6.
You shoot an arrow.
The arrow hits Menkaure but does no damage.
The ogre shouts!
You shoot an arrow. The arrow hits Menkaure!
Menkaure is heavily damaged.
Menkaure points at you and mumbles some strange words.
Pain shoots through your body!
You shoot an arrow. The arrow hits the ogre.
The ogre is lightly wounded.
You shoot an arrow.
The arrow hits Menkaure but does no damage.
Menkaure is heavily damaged.
You shoot an arrow. The arrow hits Menkaure.
Menkaure is severely damaged.
You feel a little less clever now.
The ogre hits you with a +0 giant spiked club!
4147 ||| STAIRDANCE Menkaure misses you.
The ogre hits you with a +0 giant spiked club!
You climb upwards.
There is a stone staircase leading down here.
You shoot an arrow. The arrow hits Menkaure.
Menkaure is almost destroyed.
Menkaure closely misses you.
You shoot an arrow. The arrow barely misses Menkaure.
The ogre barely misses you. Menkaure closely misses you.
You shoot an arrow. The arrow hits Menkaure.
You destroy Menkaure!
The ogre hits you with a +0 giant spiked club.
Your Dodging skill gained 2 levels and is now at level 5!
You shoot an arrow. The arrow completely misses the ogre.
You shoot an arrow. The arrow hits the ogre!
The ogre is moderately wounded.
The ogre hits you with a +0 giant spiked club!!
Ouch! That really hurt!
You die...

#### ##### #....?....#.# ...#
#...# #.#######.#.# ...# #...#
#...#...#.#.# ...# #######...#
###.#.#.#.#.# ...# #....##...#
#.#<#.#.#.# ...# #....##...#
#.###.#.#.# ...# #....##...#
#.....#.#.#
...###....##...############.#.#
......./.......O@...........#.#
..........######.############.#
...###....# #.# #.# #### #....#
#.# #.### #....### #.# #....
######....'.## #.# #####
....##....#.[# #.#
....##....##.# #.#
....########.###.#


You could see an ogre.

Vanquished Creatures
  Menkaure (D:5)
  An ogre (D:5)
  A centaur (D:5)
  2 scorpions (D:5)
  A howler monkey (D:5)
  3 hounds
  An orc priest (D:4)
  Jessica (D:3)
  2 iguanas (D:5)
  2 orc wizards
  Robin (D:3)
  6 adders
  A shadow imp (D:5)
  13 orcs
  7 ball pythons
  2 bats
  10 endoplasms
  A giant cockroach (D:4)
  9 hobgoblins
  9 quokkas
  2 frilled lizards
  15 goblins
  8 kobolds
  5 rats
104 creatures vanquished.

Notes
Turn   | Place    | Note
-------+----------+-------------------------------------------
     0 | D:1      | qw the Deep Elf Hunter began the quest for the Orb.
     0 | D:1      | Reached XP level 1. HP: 12/12 MP: 3/3
     0 | D:1      | 0 ||| qw: Version: 0.3-a-22-g0ed2b0b
     0 | D:1      | 0 ||| qw: Game counter: 6073
     0 | D:1      | 0 ||| qw: Melee chars always use a shield: true
     0 | D:1      | 0 ||| qw: God list: Okawaru
     0 | D:1      | 0 ||| qw: Allow faded altars: false
     0 | D:1      | 0 ||| qw: Do Orc after clearing Dungeon:15 true
     0 | D:1      | 0 ||| qw: Do second Lair branch before Depths: true
     0 | D:1      | 0 ||| qw: Lair rune preference: random
     0 | D:1      | 0 ||| qw: Goals: Normal
     0 | D:1      | 0 ||| PLANNING D:1-11
     6 | D:1      | Noticed a lindwurm
     6 | D:1      | Noticed a snapping turtle
     6 | D:1      | Noticed a six-headed hydra
     7 | D:1      | Noticed a scorpion
   288 | D:1      | Reached XP level 2. HP: 16/16 MP: 4/4
   309 | D:1      | Reached skill level 6 in Ranged Weapons
   336 | D:1      | Found a faded altar of an unknown god.
   685 | D:1      | 685 ||| READING scroll labelled VASHRECS WUCEADD.
   686 | D:1      | 686 ||| READING 2 scrolls labelled ALESUSHECK.
   687 | D:1      | 687 ||| DROPPING scroll of butterflies.
   745 | D:2      | 745 ||| STAIRDANCE
   747 | D:1      | HP: 3/16 [ball python (2)]
   933 | D:2      | Reached XP level 3. HP: 20/20 MP: 5/5
   991 | D:2      | Reached skill level 7 in Ranged Weapons
  1053 | D:2      | You fall into a shaft and drop 1 floor!
  1103 | D:3      | Noticed Robin
  1112 | D:3      | Reached XP level 4. HP: 21/25 MP: 6/6
  1114 | D:3      | Killed Robin
  1257 | D:3      | 1257 ||| UPGRADING to +0 scale mail.
  1267 | D:3      | 1267 ||| DROPPING +0 leather armour.
  1268 | D:3      | 1268 ||| UPGRADING to +0 ring mail.
  1278 | D:3      | 1278 ||| DROPPING +0 scale mail.
  1279 | D:3      | 1279 ||| UPGRADING to +0 helmet.
  1284 | D:3      | 1284 ||| READING scroll labelled MYTISU DAAFU.
  1285 | D:3      | 1285 ||| READING 2 scrolls of identify.
  1285 | D:3      | 1285 ||| IDENTIFYING grey potion
  1805 | D:2      | 1805 ||| READING 2 scrolls labelled LADISK ZEIW.
  1806 | D:2      | 1806 ||| READING scroll of enchant armour.
  1806 | D:2      | 1806 ||| ENCHANTING +0 helmet.
  1952 | D:3      | Found a bloodstained altar of Trog.
  1974 | D:3      | 1974 ||| READING scroll of enchant armour.
  1974 | D:3      | 1974 ||| ENCHANTING +1 helmet.
  2011 | D:3      | Found a hazy altar of Hepliaklqana.
  2039 | D:3      | Identified the +0 ring mail "Fuipid" {Int-2 Dex+3 Stlth+}
  2186 | D:3      | Reached skill level 8 in Ranged Weapons
  2196 | D:3      | Noticed Jessica
  2205 | D:3      | Killed Jessica
  2329 | D:3      | 2329 ||| UPGRADING to +0 ring mail "Fuipid" {Int-2 Dex+3
                  | Stlth+}.
  2339 | D:3      | 2339 ||| UPGRADING to +0 pair of gloves.
  2344 | D:3      | 2344 ||| DROPPING +0 ring mail.
  2345 | D:3      | 2345 ||| READING scroll labelled OXZEMURIGATT.
  2398 | D:4      | Reached XP level 5. HP: 27/29 MP: 7/7
  2431 | D:4      | Reached skill level 9 in Ranged Weapons
  2516 | D:4      | Found a staircase to the Ecumenical Temple.
  2517 | D:4      | 2517 ||| PLANNING TEMPLE
  2517 | D:4      | 2517 ||| READING 2 scrolls labelled GITHEO XI PIGO.
  2518 | D:4      | 2518 ||| DROPPING scroll of fog.
  2533 | Temple   | Entered the Ecumenical Temple
  2712 | Temple   | 2712 ||| PLANNING D:1-11
  2837 | D:4      | Reached skill level 3 in Dodging
  2975 | D:4      | Found Lefugoum's Jewellery Emporium.
  2991 | D:4      | 2991 ||| SHOPLISTING amulet of Kewkom {Reflect +Inv Str+3
                  | SH+5} (603 gold, have 283).
  2991 | D:4      | 2991 ||| SHOPLISTING amulet of reflection (360 gold, have
                  | 283).
  2991 | D:4      | 2991 ||| SHOPLISTING amulet of regeneration (360 gold, have
                  | 283).
  2991 | D:4      | 2991 ||| SHOPLISTING ring "Fogaol" {rPois Will+} (391 gold,
                  | have 283).
  2991 | D:4      | 2991 ||| SHOPLISTING ring "Ymukhlaax" {Fly rElec MP+9 Str-3
                  | SInv} (579 gold, have 283).
  2991 | D:4      | 2991 ||| BUYING ring of positive energy (240 gold).
  2991 | D:4      | Bought a ring of positive energy for 240 gold pieces
  3162 | D:4      | Reached XP level 6. HP: 35/35 MP: 8/8
  3224 | D:4      | 3224 ||| UPGRADING to amulet of the acrobat.
  3229 | D:4      | 3229 ||| UPGRADING to ring of positive energy.
  3230 | D:4      | 3230 ||| READING scroll labelled HYDWOSCHEUPA.
  3231 | D:4      | 3231 ||| DRINKING 2 puce potions.
  3232 | D:4      | 3232 ||| DROPPING potion of attraction.
  3293 | D:5      | Entered Level 5 of the Dungeon
  3338 | D:5      | Reached skill level 1 in Armour
  3592 | D:5      | Reached skill level 10 in Ranged Weapons
  3641 | D:5      | Reached XP level 7. HP: 40/40 MP: 9/9
  3824 | D:5      | Found a blossoming altar of Fedhas.
  3839 | D:5      | Reached skill level 11 in Ranged Weapons
  3842 | D:5      | HP: 10/40 [poisoned by an adder]
  3843 | D:5      | 3843 ||| READING scroll of teleportation.
  3845 | D:5      | HP: 4/40 [scorpion (5)]
  4078 | D:5      | 4078 ||| READING scroll labelled AXITSETWUD.
  4079 | D:5      | 4079 ||| READING scroll labelled QAN ZOLARUHIE.
  4080 | D:5      | 4080 ||| DRINKING 2 amethyst potions.
  4081 | D:5      | 4081 ||| DROPPING potion of brilliance.
  4141 | D:6      | Noticed Menkaure
  4147 | D:6      | 4147 ||| STAIRDANCE
  4151 | D:5      | Killed Menkaure
  4153 | D:5      | Demolished by an ogre

Levels and vault maps discovered:
D:1:      onia_arrival_zoo_common, layout_basic, ebering_ecumenical_altar_mist
D:2:      layout_basic, minmay_small_reverse_x
D:3:      layout_basic, mainiacjoe_overflow_paths, bloody_trog,
          nrook_mini_backslash, uniq_crazy_yiuf_cottage, uniq_jessica,
          uniq_robin
D:4:      layout_gridville, minmay_temple_entry_drinking_statues, serial_shops,
          nicolae_shop_tiny_glass, minivault_5
D:5:      layout_basic, mainiacjoe_overflow_chevrons
D:6:      layout_loops_corners, lemuel_crystal_altar, serial_shops,
          nicolae_shop_trees, uniq_menkaure
Temple:   jpeg_temple_alley_garden

Skill      XL: |  1  2  3  4  5  6  7 |
---------------+----------------------+-----
Ranged Weapons | 6 7 8 9 10 11 | 11.0
Fighting       | 2 |  2.0
Dodging        | 3 5 |  5.2
Armour         | 1 |  1.5
Stealth        | |  1.2

Action                     |  1- 3 |  4- 6 |  7- 9 || total
---------------------------+-------+-------+-------++-------
   Fire: Shortbow          |    80 |   172 |    47 ||   299
    Use: Scroll            |     2 |     8 |     3 ||    13
         Potion            |       |     1 |     1 ||     2
 Armour: Leather armour    |     1 |     3 |       ||     4
         Ring mail         |       |    22 |     8 ||    30
  Dodge: Dodged            |     9 |    32 |    19 ||    60

Table legend:
 A = Non-vault XP
 B = Vault XP
 C = Vault XP percentage of total XP
 D = Non-vault monster count
 E = Vault monster count
 F = Vault count percentage of total count
                 A         B        C        D         E       F
            +---------+---------+-------+---------+---------+-------
      Total |     972 |     265 |  21.4 |      85 |      19 |  18.3
            +---------+---------+-------+---------+---------+-------
        D:1 |      36 |       0 |   0.0 |      22 |       0 |   0.0
        D:2 |      43 |       7 |  14.0 |      12 |       4 |  25.0
        D:3 |      27 |      75 |  73.5 |       9 |      14 |  60.9
        D:4 |     192 |       0 |   0.0 |      25 |       0 |   0.0
        D:5 |     674 |     183 |  21.4 |      17 |       1 |   5.6
            +---------+---------+-------+---------+---------+-------
